 Dungeon Crawl Stone Soup version 0.30.0 (webtiles) character file.

Game seed: 17885642636506970137

60080 alexhoolio the Bludgeoner (level 14, -2/128 (132) HPs)
             Began as a Minotaur Berserker on May 30, 2023.
             Was a High Priest of Trog.
             Slain by an orc warrior
             ... wielding a +0 dire flail
              (8 damage)
             ... on level 2 of the Orcish Mines on May 31, 2023.
             The game lasted 01:42:32 (16926 turns).

alexhoolio the Bludgeoner (Minotaur Berserker)     Turns: 16926, Time: 01:42:34

HP:   -2/128 (132)  AC: 15    Str: 26    XL:     14   Next: 55%
MP:   13/13         EV: 13    Int:  4    God:    Trog [*****.]
Gold: 1759          SH:  0    Dex: 11    Spells: 13/13 levels left

rFire   + . .        y - +12 glaive of Prune {freeze, Prune}
rCold   . . .        (shield currently unavailable)
rNeg    . . .        Y - +3 plate armour {rF+}
rPois   .            (helmet restricted)
rElec   .            I - +0 cloak
rCorr   .            N - +2 pair of gloves
SInv    .            (no boots)
Will    +++..        (no amulet) Stlth
                     F - +4 ring of protection
HPRegen 1.41/turn    J - +5 ring of evasion
MPRegen 0.13/turn

%: no passive effects
@: strong-willed, corroded, on berserk cooldown, regenerating, slowed, lightly
drained, very slow
A: horns 2, retaliatory headbutt
a: Renounce Religion, Berserk, Trog's Hand, Brothers in Arms


You were on level 2 of the Orcish Mines.
You worshipped Trog.
Trog was extremely pleased with you.
You visited 3 branches of the dungeon, and saw 18 of its levels.
You also visited: Volcano.

You collected 1759 gold pieces.

Inventory:

Hand Weapons
 u - a +5 morningstar
 y - the +12 glaive of Prune (weapon) {freeze, Prune}
   (You found it on level 11 of the Dungeon)

   Prune:     It halves damage taken while paralysed, petrified or unconscious.
 C - the +6 mace "Ymedd" {flame, rC+}
   (You found it on level 5 of the Dungeon)

   rC:        It protects you from cold.
 M - the +6 arbalest "Damnation" {damnation}
   (You found it on level 9 of the Dungeon)
Missiles
 f - 34 boomerangs (quivered)
 l - 39 poisoned darts
 x - 11 silver boomerangs
Armour
 w - a +1 ring mail of fire resistance
 I - a +0 cloak (worn)
 N - a +2 pair of gloves (worn)
 T - a +1 kite shield of fire resistance
 V - a +0 tower shield
 X - a +2 plate armour of poison resistance
 Y - a +3 plate armour of fire resistance (worn)
 Z - a +2 plate armour of cold resistance
Jewellery
 g - a ring of flight
 z - an amulet of faith
 F - a +4 ring of protection (left hand)
 J - a +5 ring of evasion (right hand)
Wands
 j - a wand of flame (66)
 v - a wand of polymorph (10)
 D - a wand of charming (2)
 H - a wand of iceblast (9)
Scrolls
 a - a scroll of torment {unknown}
 b - a scroll of identify
 c - 5 scrolls of teleportation
 d - 2 scrolls of magic mapping
 h - a scroll of enchant weapon {unknown}
 k - 4 scrolls of noise
 p - 3 scrolls of amnesia
 r - a scroll of poison {unknown}
 E - 2 scrolls of blinking {unknown}
 K - a scroll of enchant armour {unknown}
 O - a scroll of fear {unknown}
 Q - 2 scrolls of immolation {unknown}
 S - 2 scrolls of vulnerability {unknown}
 U - 3 scrolls of fog
 W - a scroll of butterflies {unknown}
Potions
 e - a potion of lignification
 i - a potion of might
 m - 11 potions of curing
 n - 2 potions of invisibility
 o - 5 potions of flight
 q - 3 potions of attraction
 s - a potion of degeneration
 t - 4 potions of haste
 A - 4 potions of heal wounds
 B - 4 potions of cancellation
 G - a potion of mutation
 L - a potion of resistance
 P - a potion of ambrosia
 R - 2 potions of brilliance


   Skills:
 + Level 14.1 Fighting
 - Level 16.0 Maces & Flails
 * Level 13.1 Polearms
 + Level 9.9 Ranged Weapons
 + Level 12.2 Armour
 - Level 2.1 Dodging
 + Level 8.3 Evocations


You had 13 spell levels left.
You didn't know any spells.
Your spell library was empty.

Dungeon Overview and Level Annotations

Branches:
Dungeon (11/15)            Temple (0/1) D:7            Lair (5/5) D:9
 Shoals (0/4) Lair:3        Snake (0/4) Lair:2        Slime (0/5) Lair:5
    Orc (2/2) D:11            Elf (0/3) Orc:2       Volcano (visited)

Altars:
Dithmenos
Fedhas
Nemelex Xobeh
Qazlal
Uskayaw
Vehumet
Yredelemnul

Shops:
Orc:2 *

Annotations:
D:5 exclusion: 4 doors


Innate Abilities, Weirdness & Mutations

You have a pair of horns on your head.
You reflexively headbutt those who attack you in melee.


Message History

You closely miss the orc warrior.
You headbutt the orc warrior, but do no damage.
The orc warrior hits you but does no damage.
The orc warrior hits you with a +0 mace.
The orc knight moves out of view.
The orc warrior barely misses you. You furiously retaliate!
You headbutt the orc warrior, but do no damage.
You closely miss the orc warrior.
The orc warrior hits you with a +0 mace!
The orc warrior barely misses you. You furiously retaliate!
You headbutt the orc warrior, but do no damage.
The orc high priest calls down the wrath of Beogh upon you.
Beogh smites you!
The orc knight roars a battlecry!
The orcs go into a battle-frenzy!
The orc warrior closely misses you. You furiously retaliate!
You headbutt the orc warrior, but do no damage.
The orc warrior hits you with a +0 dire flail!
* * * LOW HITPOINT WARNING * * *
You hear a shout! x3
Your skin crawls.
You feel strong-willed.
You hear a shout! x2
The orc warrior barely misses you. You furiously retaliate!
You headbutt the orc warrior!
The orc warrior hits you with a +0 dire flail.
* * * LOW HITPOINT WARNING * * *
Your troll goes berserk!
The orc warrior hits you with a +0 mace.
* * * LOW HITPOINT WARNING * * *
The orc warrior hits you with a +0 dire flail.
* * * LOW HITPOINT WARNING * * *
Something hits your troll! Something hits your troll.
The orc priest invokes the aid of Beogh against you.
Beogh smites you!
* * * LOW HITPOINT WARNING * * *
The orc warrior hits you with a +0 mace!
* * * LOW HITPOINT WARNING * * *
The orc warrior hits you with a +0 dire flail!
You die...

....)§§oo§##.#####,,,,,,*,*
.....43o§§#*,##...,,,,,,*,*
.....§§3§§##,*#...,,,,,*,,*
.....§§o§§##.**..o*,,,,*,∩*
.....§§§#.##..*#.o##,,#,.#*
..........#*#.##...##.#.∩#
..........# #..##.......#*
.......#..# *#.o##T....#*
..........# *#.@oo#####
.........## ######
........#.############
...........#.........#
..........##......#.#*
...........#.......#*
..................####
...................#.##
......................#


You could see 2 orc warriors, an orc priest (strong, ally target) and a friendly
troll (summoned, berserk).

Vanquished Creatures
  Jorgrun (Orc:2)
  A stone giant (Volcano)
  Nessos (Lair:3)
  Snorg (Lair:5)
  A dire elephant (Lair:5)
  7 hydras
  2 catoblepae
  3 two-headed ogres
  2 boulder beetles
  A deep troll shaman (Lair:5)
  9 death yaks
  An orc high priest (Orc:2)
  A skyshark (Lair:4)
  A lindwurm (Lair:5)
  3 harpies (Lair:3)
  3 orc knights
  2 orc sorcerers (Orc:2)
  Pikel (D:4)
  An oklob plant (Lair:3)
  A manticore (D:9)
  Maurice (D:8)
  A black mamba (Lair:2)
  25 elephants
  2 molten gargoyles (Volcano)
  Joseph (D:8)
  6 cane toads
  A gargoyle (Volcano)
  6 komodo dragons
  Maggie (D:10)
  3 rime drakes
  A burning bush (Lair:3)
  5 polar bears
  24 blink frogs
  2 shadows
  A water elemental (D:11)
  Eustachio (D:6)
  3 wyverns
  28 yaks
  2 fire bats (Volcano)
  3 basilisks
  3 nagas (Lair:2)
  3 wargs
  An acid dragon (D:10)
  15 water moccasins
  9 orc warriors
  2 sky beasts
  3 ogres
  12 wolves
  4 centaurs
  A phantom (D:6)
  2 kobold brigands
  13 bullfrogs
  A gnoll sergeant (D:11)
  2 earth elementals (Volcano)
  9 wights
  3 killer bees (D:8)
  3 electric eels
  5 lava snakes (Volcano)
  10 jellies (Lair:5)
  9 orc priests
  4 hounds
  An iguana (D:4)
  Ijyb (D:4)
  3 sleepcaps
  16 orc wizards
  14 hell rats
  10 gnolls
  7 adders
  2 shadow imps
  A white imp (D:7)
  An ufetubus (D:6)
  4 worms
  4 dart slugs
  55 orcs
  2 ball pythons
  6 endoplasms
  A giant cockroach (D:3)
  7 goblins
  12 hobgoblins
  4 jackals
  2 quokkas
  7 bats
  14 frilled lizards
  13 kobolds
  6 rats
  A bush (Lair:3)
  A butterfly (Lair:1)
469 creatures vanquished.

Vanquished Creatures (collateral kills)
  A gargoyle (Volcano)
  An efreet (Volcano)
  3 yaks (Lair:3)
  A black bear (Lair:3)
6 creatures vanquished.

Vanquished Creatures (others)
  A bush (D:6)
  41 fungi
  44 plants
86 creatures vanquished.

Grand Total: 561 creatures vanquished

Notes
Turn   | Place    | Note
-------+----------+-------------------------------------------
     0 | D:1      | alexhoolio the Minotaur Berserker began the quest for the
                  | Orb.
     0 | D:1      | Reached XP level 1. HP: 19/19 MP: 0/0
   255 | D:1      | Reached XP level 2. HP: 27/27 MP: 1/1
   597 | D:1      | Reached ** piety under Trog
  1023 | D:2      | Reached XP level 3. HP: 34/34 MP: 2/2
  1086 | D:2      | Reached skill level 5 in Fighting
  1377 | D:2      | Reached XP level 4. HP: 37/42 MP: 3/3
  1643 | D:3      | Found a blossoming altar of Fedhas.
  1746 | D:3      | Reached *** piety under Trog
  1821 | D:3      | Found a stormy altar of Qazlal.
  1845 | D:3      | Reached XP level 5. HP: 22/50 MP: 4/4
  1964 | D:3      | Found a hide-covered altar of Uskayaw.
  2006 | D:3      | Identified the +2 flail "Wutisett" {protect, Str-5 Dex+4}
  2102 | D:3      | Reached skill level 1 in Maces & Flails
  2299 | D:3      | Reached skill level 2 in Maces & Flails
  2305 | D:3      | Found a shadowy altar of Dithmenos.
  2746 | D:4      | Noticed Ijyb
  2791 | D:4      | Killed Ijyb
  2872 | D:4      | Reached XP level 6. HP: 57/58 MP: 5/5
  2965 | D:4      | Noticed Pikel
  2971 | D:4      | Killed Pikel
  2972 | D:4      | Reached skill level 5 in Maces & Flails
  2972 | D:4      | Reached skill level 5 in Armour
  2972 | D:4      | Reached XP level 7. HP: 66/66 MP: 6/6
  3576 | D:5      | Entered Level 5 of the Dungeon
  3581 | D:5      | Noticed a vampire mosquito
  3778 | D:5      | Reached skill level 6 in Maces & Flails
  4023 | D:5      | Identified the +6 mace "Ymedd" {flame, rC+}
  4033 | D:5      | Found a sparkling altar of Nemelex Xobeh.
  4033 | D:5      | Found a basalt altar of Yredelemnul.
  4460 | D:6      | Reached XP level 8. HP: 63/73 MP: 7/7
  4585 | D:6      | Found a radiant altar of Vehumet.
  4610 | D:6      | Reached skill level 7 in Maces & Flails
  4709 | D:6      | Noticed Eustachio
  4725 | D:6      | Reached **** piety under Trog
  4732 | D:6      | Killed Eustachio
  4733 | D:6      | Reached skill level 8 in Maces & Flails
  4788 | D:6      | Noticed a two-headed ogre
  4809 | D:6      | Killed a two-headed ogre
  4810 | D:6      | Reached skill level 10 in Maces & Flails
  4810 | D:6      | Reached XP level 9. HP: 79/79 MP: 8/8
  5324 | D:7      | Found a staircase to the Ecumenical Temple.
  5366 | D:7      | Reached skill level 11 in Maces & Flails
  5611 | D:7      | Reached skill level 12 in Maces & Flails
  6750 | D:8      | Noticed Maurice
  6761 | D:8      | Killed Maurice
  6762 | D:8      | Reached skill level 13 in Maces & Flails
  6797 | D:8      | Noticed Joseph
  6814 | D:8      | Killed Joseph
  6815 | D:8      | Reached skill level 14 in Maces & Flails
  7097 | D:8      | Reached XP level 10. HP: 85/85 MP: 9/9
  7395 | D:9      | Noticed a manticore
  7407 | D:9      | Killed a manticore
  7408 | D:9      | Reached skill level 15 in Maces & Flails
  7479 | D:9      | Noticed a two-headed ogre
  7490 | D:9      | Killed a two-headed ogre
  7524 | D:9      | Noticed a death yak
  7542 | D:9      | Found the +6 arbalest "Damnation" {damnation}
  7594 | D:9      | Killed a death yak
  7595 | D:9      | Reached skill level 16 in Maces & Flails
  7718 | D:9      | Noticed a death yak
  7719 | D:9      | Noticed a death yak
  7719 | D:9      | Noticed a death yak
  7721 | D:9      | Noticed a death yak
  7730 | D:9      | Killed a death yak
  7731 | D:9      | Reached skill level 1 in Ranged Weapons
  7731 | D:9      | Reached skill level 1 in Evocations
  7735 | D:9      | Killed a death yak
  7742 | D:9      | Killed a death yak
  7747 | D:9      | Killed a death yak
  7748 | D:9      | Reached XP level 11. HP: 97/97 MP: 10/10
  7770 | D:9      | Found a staircase to the Lair.
  8225 | D:10     | Entered Level 10 of the Dungeon
  8520 | D:10     | Noticed Maggie
  8528 | D:10     | Killed Maggie
  8588 | D:11     | Found a staircase to the Orcish Mines.
  8645 | D:11     | Found the +12 glaive of Prune {freeze, Prune}
  8722 | D:11     | Noticed a two-headed ogre
  8729 | D:11     | Killed a two-headed ogre
  8730 | D:11     | Reached skill level 10 in Fighting
  8963 | D:11     | Noticed a boulder beetle
  8988 | D:11     | Killed a boulder beetle
  9592 | Lair:1   | Entered Level 1 of the Lair of Beasts
  9698 | Lair:1   | Noticed a boulder beetle
  9706 | Lair:1   | Killed a boulder beetle
  9707 | Lair:1   | Reached skill level 5 in Ranged Weapons
 10123 | Lair:1   | Reached skill level 5 in Polearms
 10682 | Lair:2   | Reached XP level 12. HP: 110/110 MP: 11/11
 10698 | Lair:2   | Reached skill level 5 in Evocations
 10704 | Lair:2   | Reached ***** piety under Trog
 11340 | Lair:2   | You fall into a shaft and drop 2 floors!
 11366 | Lair:4   | Noticed a five-headed hydra
 11397 | Lair:4   | Killed a five-headed hydra
 11398 | Lair:4   | Reached skill level 10 in Armour
 11789 | Lair:4   | Noticed a catoblepas
 11796 | Lair:4   | Killed a catoblepas
 11797 | Lair:4   | Reached XP level 13. HP: 119/119 MP: 12/12
 12326 | Lair:5   | Entered Level 5 of the Lair of Beasts
 12337 | Lair:5   | Received a gift from Trog
 12861 | Lair:5   | Reached skill level 10 in Polearms
 13227 | Lair:5   | Found a staircase to the Slime Pits.
 13413 | Lair:5   | Noticed Snorg
 13424 | Lair:5   | Killed Snorg
 13685 | Lair:5   | Noticed a dire elephant
 13691 | Lair:5   | Killed a dire elephant
 13748 | Lair:5   | Received a gift from Trog
 14058 | Lair:3   | Noticed Nessos
 14074 | Lair:3   | Killed Nessos
 14080 | Lair:3   | Reached XP level 14. HP: 59/129 MP: 13/13
 14316 | Lair:3   | Found a staircase to the Shoals.
 15313 | Lair:2   | Found a staircase to the Snake Pit.
 15808 | Orc:1    | Entered Level 1 of the Orcish Mines
 15927 | Orc:2    | Entered Level 2 of the Orcish Mines
 15988 | Orc:2    | Noticed Jorgrun
 16098 | Orc:2    | Killed Jorgrun
 16186 | Orc:2    | Found a dark tunnel.
 16194 | Volcano  | Entered a volcano
 16534 | Volcano  | Found a bloodstained altar of Trog.
 16540 | Volcano  | Noticed a stone giant
 16549 | Volcano  | Killed a stone giant
 16720 | Orc:2    | Found a staircase to the Elven Halls.
 16914 | Orc:2    | Found Wokec Date's Assorted Antiques.
 16926 | Orc:2    | HP: 6/128 [orc warrior/+0 mace (10)]
 16926 | Orc:2    | Slain by an orc warrior

Illustrated notes

Levels and vault maps discovered:
D:1:      dpeg_arrival_ternary, layout_basic, minmay_lizard_king
D:2:      layout_basic, kennysheep_generic_room_3
D:3:      layout_rooms, amcnicky_altar_gilded, mainiacjoe_overflow_big_doors,
          mainiacjoe_overflow_alcove_1, serial_bayou, serial_bayou_pond_d,
          serial_bayou_shore_b, serial_bayou_lagoon_a, serial_bayou_lake_a,
          serial_bayou_pond_b, corexii_hall_statues_l
D:4:      layout_loops_ring, uniq_pikel, uniq_ijyb
D:5:      kennysheep_big_flooded_room, layout_rooms,
          gammafunk_temple_overflow_wave, serial_co_window_serial,
          co_window_of_opportunity_a, co_window_paths_a, co_window_paths_a,
          co_window_of_opportunity_a, co_window_corner_a, co_window_paths_b,
          co_window_paths_b, co_window_broadway_c, co_window_cross_3,
          co_window_paths_c, glass_columns_c, glass_columns_b, glass_columns_c,
          glass_columns_b
D:6:      layout_cave_pods, vehumet_crystals, dreamdust_princess_corridor,
          chequers_serial_rivers_marsh, uniq_eustachio
D:7:      layout_basic, minmay_temple_entry_butterflies
D:8:      layout_loops_ring, minmay_misc_feat_roman, kennysheep_generic_room_13,
          uniq_joseph, uniq_maurice
D:9:      layout_basic, dpeg_lair_monsters
D:10:     layout_gridville, uniq_maggie
D:11:     layout_loops_ring, orc_0_dummy, minivault_14
Lair:1:   layout_long_grid, nzn_random_ring, lemuel_fruit_tree,
          lemuel_fruit_fields
Lair:2:   layout_chaotic_city, guppyfry_snake_entry_island, serial_rivers,
          chequers_serial_rivers_micro_b, chequers_serial_rivers_large_b,
          chequers_serial_rivers_micro_b, chequers_serial_rivers_room_a
Lair:3:   layout_regular_city, nicolae_shoals_entry_roost,
          chequers_serial_rivers_small_b, chequers_serial_rivers_room_a,
          evilmike_ambush [evilmike_ambush_outer_basic,
          evilmike_ambush_inner_wall_2], serial_bayou_shore_b,
          lemuel_fruit_fields, uniq_nessos
Lair:4:   layout_loops_ring, grunt_megastairs_2
Lair:5:   grunt_lair_end_beastmaster, layout_cave_pods,
          minmay_slime_entry_jelly_boxes, uniq_snorg
Orc:1:    layout_caves
Orc:2:    st_orc_elflike, layout_caves, lightli_volcano_entry_magma_tube,
          uniq_jorgrun

Skill      XL: |  1  2  3  4  5  6  7  8  9 10 11 12 13 14 |
---------------+-------------------------------------------+-----
Fighting       | 4 5 6 7 9 11 12 13 14 | 14.1
Armour         | 3 4 5 6 7 9 10 11 12 | 12.2
Maces & Flails | 2 5 6 10 14 16 | 16.0
Ranged Weapons | 3 5 7 9 |  9.9
Evocations     | 2 4 6 7 8 |  8.3
Polearms       | 5 9 11 13 | 13.1
Dodging        | |  2.1

Action                     |  1- 3 |  4- 6 |  7- 9 | 10-12 | 13-15 || total
---------------------------+-------+-------+-------+-------+-------++-------
  Melee: Spear             |   103 |    64 |       |       |       ||   167
         Headbutt          |    17 |     9 |    25 |    49 |    56 ||   156
         Flail             |       |    67 |    50 |       |       ||   117
         Mace              |       |       |   124 |   193 |    95 ||   412
         Punch             |       |       |     2 |     1 |     1 ||     4
         Glaive            |       |       |       |    27 |   179 ||   206
   Fire: Arbalest          |       |       |       |   145 |   125 ||   270
  Throw: Stone             |       |       |    11 |       |       ||    11
         Boomerang         |       |       |     4 |       |     1 ||     5
         Throwing net      |       |       |       |       |     1 ||     1
 Invoke: Berserk           |     1 |     4 |     7 |     7 |    11 ||    30
         Trog's Hand       |       |     1 |     2 |     1 |     6 ||    10
         Brothers in Arms  |       |       |       |       |     3 ||     3
    Use: Potion            |       |       |       |       |     4 ||     4
         Scroll            |       |       |       |       |    19 ||    19
 Armour: Leather armour    |     3 |       |       |       |       ||     3
         Ring mail         |     7 |       |       |       |       ||     7
         Scale mail        |     2 |    39 |    65 |    26 |       ||   132
         Swamp dragon scal |       |       |       |    55 |   145 ||   200
         Plate armour      |       |       |       |       |    72 ||    72
  Dodge: Dodged            |    38 |    50 |    58 |   146 |   288 ||   580
